[Event "EWIRCC 2019"]
[Site "Monte-Carlo"]
[Date "2019.11.30"]
[Round "4.1"]
[White "Zhukova, Natalia"]
[Black "Bulmaga, Irina"]
[Result "1/2-1/2"]
[ECO "A28"]
[WhiteElo "2323"]
[BlackElo "2435"]
[Annotator "NA"]
[PlyCount "114"]
[EventDate "2019.11.28"]
[EventType "swiss"]
[EventCountry "MNC"]
[SourceTitle "playchess.com"]
[Source "ChessBase"]
[SourceQuality "1"]
[TimeControl "5400+30"]

1. c4 Nf6 2. Nc3 e5 3. Nf3 Nc6 4. e4 Bb4 5. d3 d6 6. Be2 O-O 7. O-O a5 8. Bg5 Bxc3 9. bxc3 h6 10. Bd2 Nh7 11. Ne1 f5 12. exf5 Bxf5 13. Nc2 Qd7 14. Ne3 Be6 15. Nd5 Ne7 16. Nxe7+ Qxe7 17. f4 exf4 18. Bxf4 Rae8 19. Bh5 Bf7 20. Bf3 c6 21. Qd2 g5 22. Rae1 Qd7 23. Be3 Bg6 24. Bd4 c5 25. Bd5+ Bf7 26. Rxf7 Rxf7 27. Rxe8+ Qxe8 28. Bf2 Nf6 29. Bxf7+ Kxf7 30. Bg3 Qe7 31. h3 Kg7 32. Qd1 Nd7 33. Qf3 Ne5 34. Qd5 Nf7 35. Qf3 b6 36. Kh2 Qf6 37. Qc6 Qxc3 38. Bxd6 Qxd3 39. Bg3 Qxc4 40. Qxb6 a4 41. a3 Qd4 42. Qc6 h5 43. Qf3 h4 44. Bc7 c4 45. Qc6 c3 46. Bb6 Qf4+ 47. Kg1 Qc1+ 48. Kh2 Qd2 49. Ba5 Qf4+ 50. Kh1 Qc1+ 51. Kh2 Qf4+ 52. Kh1 Ne5 53. Bxc3 Qf1+ 54. Kh2 Qf4+ 55. Kh1 Qf1+ 56. Kh2 Qf4+ 57. Kh1 Qf1+ 1/2-1/2

[Event "EWIRCC 2019"]
[Site "Monte-Carlo"]
[Date "2019.11.30"]
[Round "4.2"]
[White "Solozhenkina, Elizaveta"]
[Black "Girya, Olga"]
[Result "0-1"]
[ECO "A11"]
[WhiteElo "2314"]
[BlackElo "2476"]
[Annotator "ChessBase"]
[PlyCount "84"]
[EventDate "2019.11.28"]
[EventType "swiss"]
[EventCountry "MNC"]
[SourceTitle "playchess.com"]
[Source "ChessBase"]
[SourceQuality "1"]
[TimeControl "5400+30"]

1. Nf3 d5 2. g3 c6 3. Bg2 Bg4 4. c4 e6 5. O-O Nf6 6. cxd5 Bxf3 7. Bxf3 cxd5 8. b3 Nc6 9. Bb2 Be7 10. d3 O-O 11. Nc3 Rc8 12. Bg2 a6 13. Rc1 b5 14. e3 Qa5 15. a4 bxa4 16. Nxa4 h6 17. Re1 Qb4 18. d4 Nb8 19. Qd3 Nbd7 20. Bf1 Ne4 21. Qxa6 Rb8 22. Bc3 Qxb3 23. f3 Ng5 24. Be2 Ra8 25. Qc6 Qxa4 26. Bb5 Qa7 27. Ra1 Qb8 28. Rxa8 Qxa8 29. Qxd7 Qa3 30. Rf1 Qxc3 31. Qxe7 Qxe3+ 32. Kg2 Qxd4 33. h4 Nh7 34. Rf2 Nf6 35. Ra2 Qc3 36. Be2 d4 37. Qd6 Nd5 38. Kh3 Qe1 39. Qc5 Qh1+ 40. Kg4 f5+ 41. Kh5 Kh7 42. Ra7 Nf6# 0-1

[Event "EWIRCC 2019"]
[Site "Monte-Carlo"]
[Date "2019.11.30"]
[Round "4.3"]
[White "Daulyte-Cornette, Deimante"]
[Black "Worek, Joanna"]
[Result "1/2-1/2"]
[ECO "B23"]
[WhiteElo "2405"]
[BlackElo "2316"]
[Annotator "NA"]
[PlyCount "51"]
[EventDate "2019.11.28"]
[EventType "swiss"]
[EventCountry "MNC"]
[SourceTitle "playchess.com"]
[Source "ChessBase"]
[SourceQuality "1"]
[TimeControl "5400+30"]

1. e4 c5 2. Nc3 Nc6 3. Bb5 Nd4 4. Nf3 a6 5. Bd3 g6 6. Rb1 Bg7 7. b4 cxb4 8. Rxb4 Nc6 9. Rb1 Nf6 10. Bb2 d6 11. Nd5 e5 12. Nxf6+ Qxf6 13. Bc4 Be6 14. Bxe6 Qxe6 15. a3 Qg4 16. O-O Qxe4 17. d4 O-O 18. Re1 Qf5 19. dxe5 dxe5 20. Bc3 Rad8 21. Qe2 b5 22. a4 bxa4 23. Qxa6 Nd4 24. Bxd4 exd4 25. Qxa4 d3 26. cxd3 1/2-1/2

[Event "EWIRCC 2019"]
[Site "Monte-Carlo"]
[Date "2019.11.30"]
[Round "4.4"]
[White "Guichard, Pauline"]
[Black "Rogule, Laura"]
[Result "0-1"]
[ECO "D02"]
[WhiteElo "2407"]
[BlackElo "2293"]
[Annotator "NA"]
[PlyCount "110"]
[EventDate "2019.11.28"]
[EventType "swiss"]
[EventCountry "MNC"]
[SourceTitle "playchess.com"]
[Source "ChessBase"]
[SourceQuality "1"]
[TimeControl "5400+30"]

1. d4 d5 2. Bf4 Nf6 3. e3 c5 4. Nf3 Nc6 5. c3 e6 6. Nbd2 Bd6 7. Bg3 Bxg3 8. hxg3 Qd6 9. Bd3 e5 10. dxe5 Nxe5 11. Nxe5 Qxe5 12. Nf3 Qc7 13. Qa4+ Bd7 14. Qf4 Qxf4 15. gxf4 h5 16. Ne5 Ke7 17. O-O-O Rad8 18. Rd2 g6 19. Rhd1 Be6 20. Bc2 h4 21. a3 Ne4 22. Re2 h3 23. gxh3 Rxh3 24. c4 Nf6 25. Red2 Rh2 26. b4 cxb4 27. axb4 Rc8 28. cxd5 Nxd5 29. Kb2 Nxb4 30. Bb3 Bxb3 31. Kxb3 Nc6 32. Rd7+ Ke8 33. Nxc6 Rxc6 34. Rxb7 Rxf2 35. Rxa7 Re6 36. Rd3 Rf3 37. Kc4 Rexe3 38. Rd4 Kf8 39. Kd5 Kg7 40. Raa4 Re6 41. Re4 Rf6 42. Rad4 Kh6 43. Ke5 Rf5+ 44. Kd6 Kh5 45. Ke7 Kg4 46. Re1 R5xf4 47. Rd5 f5 48. Kf6 Re4 49. Rg1+ Rg3 50. Rf1 f4 51. Rg5+ Kh3 52. Ra5 f3 53. Ra8 Kg2 54. Raa1 f2 55. Rfb1 Rf3+ 0-1

[Event "EWIRCC 2019"]
[Site "Monte-Carlo"]
[Date "2019.11.30"]
[Round "4.5"]
[White "Kashlinskaya, Alina"]
[Black "Muzychuk, Anna"]
[Result "1/2-1/2"]
[ECO "D80"]
[WhiteElo "2486"]
[BlackElo "2543"]
[Annotator "ChessBase"]
[PlyCount "130"]
[EventDate "2019.11.28"]
[EventType "swiss"]
[EventCountry "MNC"]
[SourceTitle "playchess.com"]
[Source "ChessBase"]
[SourceQuality "1"]
[TimeControl "5400+30"]

1. d4 Nf6 2. c4 g6 3. Nc3 d5 4. Bg5 Bg7 5. Bxf6 Bxf6 6. cxd5 c6 7. e4 cxd5 8. exd5 O-O 9. Bc4 Qb6 10. Nge2 Qxb2 11. Rb1 Qa3 12. O-O Nd7 13. Bb3 Nb6 14. Qd2 Qa5 15. Ng3 Rd8 16. Nge4 Bf5 17. Nxf6+ exf6 18. Rb2 Rac8 19. Rc1 Rc7 20. h3 Rdc8 21. g4 Bd7 22. Rbc2 Nc4 23. Qf4 f5 24. Ne2 Qxd5 25. Nc3 Qd6 26. Ne2 Qd5 27. Nc3 Qa5 28. Ne2 b5 29. Ng3 Rc6 30. gxf5 Qc7 31. Qg5 Re8 32. d5 Ra6 33. Bxc4 bxc4 34. Rxc4 Qd8 35. Qxd8 Rxd8 36. R1c2 Bxf5 37. Nxf5 gxf5 38. Rc5 Ra3 39. Kg2 Rd3 40. Ra5 Rd7 41. Rc8+ Kg7 42. Ra8 R3xd5 43. Rxd5 Rxd5 44. Rxa7 Rd2 45. Ra6 Rd3 46. a4 Ra3 47. h4 f6 48. Ra7+ Kg6 49. a5 h6 50. a6 Kh5 51. Ra8 Kxh4 52. a7 h5 53. Rf8 Rxa7 54. Rxf6 Kg5 55. Rf8 Kf4 56. Rh8 Rg7+ 57. Kf1 Kg4 58. Kg2 Rg5 59. Ra8 Rg6 60. Ra4+ f4 61. Rb4 h4 62. Rb3 Re6 63. f3+ Kf5 64. Rb5+ Re5 65. Rxe5+ Kxe5 1/2-1/2

[Event "EWIRCC 2019"]
[Site "Monte-Carlo"]
[Date "2019.11.30"]
[Round "4.6"]
[White "Mkrtchian, Lilit"]
[Black "Muzychuk, Mariya"]
[Result "0-1"]
[ECO "D48"]
[WhiteElo "2402"]
[BlackElo "2552"]
[Annotator "ChessBase"]
[PlyCount "108"]
[EventDate "2019.11.28"]
[EventType "swiss"]
[EventCountry "MNC"]
[SourceTitle "playchess.com"]
[Source "ChessBase"]
[SourceQuality "1"]
[TimeControl "5400+30"]

1. c4 c6 2. Nf3 d5 3. e3 Nf6 4. Nc3 e6 5. d4 Nbd7 6. Bd3 dxc4 7. Bxc4 b5 8. Bd3 a6 9. a4 b4 10. Ne4 c5 11. dxc5 Nxc5 12. Nxc5 Bxc5 13. Qe2 Bb7 14. e4 Ng4 15. O-O Qc7 16. e5 Rd8 17. Bf4 Bxf3 18. gxf3 Nf6 19. Bxa6 O-O 20. Rac1 Nd5 21. Bg5 Ra8 22. Bc4 Qb6 23. Bb3 h6 24. Bd2 Bd4 25. Rc2 Rfd8 26. Qe4 Ne7 27. Bc1 Ng6 28. f4 Nh4 29. Kh1 Bc5 30. Be3 Bxe3 31. fxe3 Rac8 32. Rxc8 Rxc8 33. Qd4 Qa6 34. Rd1 Qe2 35. Qd2 Qf3+ 36. Kg1 Kh7 37. Bc2+ g6 38. Bd3 Rd8 39. Qc2 Qxe3+ 40. Qf2 Rxd3 41. Rxd3 Nf3+ 42. Kg2 Ne1+ 43. Kf1 Qxf2+ 44. Kxf2 Nxd3+ 45. Ke2 Nxb2 46. a5 Nc4 47. a6 g5 48. fxg5 hxg5 49. a7 Nb6 50. Kd3 Kg6 51. Kc2 Kf5 52. Kb3 Kxe5 53. Kxb4 Kd6 54. Kb5 Na8 0-1

[Event "EWIRCC 2019"]
[Site "Monte-Carlo"]
[Date "2019.11.30"]
[Round "4.7"]
[White "Gaponenko, Inna"]
[Black "Gunina, Valentina"]
[Result "1/2-1/2"]
[ECO "C67"]
[WhiteElo "2427"]
[BlackElo "2509"]
[Annotator "ChessBase"]
[PlyCount "111"]
[EventDate "2019.11.28"]
[EventType "swiss"]
[EventCountry "MNC"]
[SourceTitle "playchess.com"]
[Source "ChessBase"]
[SourceQuality "1"]
[TimeControl "5400+30"]

1. e4 e5 2. Nf3 Nc6 3. Bb5 Nf6 4. O-O Nxe4 5. d4 Nd6 6. dxe5 Nxb5 7. a4 d6 8. axb5 Nxe5 9. Re1 Be7 10. Nxe5 dxe5 11. Qxd8+ Bxd8 12. Rxe5+ Be6 13. Bg5 Bxg5 14. Rxg5 O-O-O 15. Nc3 Rd2 16. Rc1 g6 17. Ne4 Rd4 18. Re5 Rhd8 19. Nc3 Rd2 20. f3 Bf5 21. Ne4 R2d5 22. Rxd5 Rxd5 23. c4 Rd4 24. Ng5 Rd2 25. Nxh7 Rxb2 26. Nf6 a5 27. bxa6 bxa6 28. Nd5 Kb7 29. h4 a5 30. Ra1 c6 31. Nc3 Ka6 32. g4 Bd3 33. Na4 Rb1+ 34. Rxb1 Bxb1 35. Nc3 Bc2 36. Kf2 a4 37. Ke3 a3 38. Kd2 Bb1 39. Kc1 Bd3 40. Ne4 Be2 41. h5 gxh5 42. gxh5 Bxf3 43. Nc5+ Kb6 44. h6 Kxc5 45. h7 Kxc4 46. h8=Q Bd5 47. Qa8 Kb3 48. Qb8+ Kc4 49. Qa7 Kb4 50. Qb6+ Ka4 51. Qa7+ Kb4 52. Qb6+ Ka4 53. Qa7+ Kb4 54. Qb6+ Ka4 55. Qa7+ Kb4 56. Qb6+ 1/2-1/2

[Event "EWIRCC 2019"]
[Site "Monte-Carlo"]
[Date "2019.11.30"]
[Round "4.8"]
[White "Benmesbah, Natacha"]
[Black "Batsiashvili, Nino"]
[Result "0-1"]
[ECO "C54"]
[WhiteElo "2265"]
[BlackElo "2422"]
[Annotator "NA"]
[PlyCount "56"]
[EventDate "2019.11.28"]
[EventType "swiss"]
[EventCountry "MNC"]
[SourceTitle "playchess.com"]
[Source "ChessBase"]
[SourceQuality "1"]
[TimeControl "5400+30"]

1. e4 e5 2. Nf3 Nc6 3. Bc4 Bc5 4. d3 Nf6 5. c3 a6 6. a4 Ba7 7. O-O d6 8. Nbd2 O-O 9. h3 Be6 10. b4 Qe8 11. Re1 Nh5 12. Nxe5 Nxe5 13. Qxh5 Bxc4 14. dxc4 f5 15. Qe2 Qg6 16. exf5 Rxf5 17. Ne4 Nf3+ 18. Kh1 Nxe1 19. Qxe1 Re8 20. f3 c6 21. Qd1 d5 22. cxd5 cxd5 23. Nc5 Qg3 24. Bd2 Bxc5 25. bxc5 Rfe5 26. Qb3 Kh8 27. Rg1 Rh5 28. Rd1 Re2 0-1

[Event "EWIRCC 2019"]
[Site "Monte-Carlo"]
[Date "2019.11.30"]
[Round "4.9"]
[White "Kosteniuk, Alexandra"]
[Black "Bensdorp-De Labaca, Marlies"]
[Result "1-0"]
[ECO "D20"]
[WhiteElo "2483"]
[BlackElo "2228"]
[Annotator "ChessBase"]
[PlyCount "43"]
[EventDate "2019.11.28"]
[EventType "swiss"]
[EventCountry "MNC"]
[SourceTitle "playchess.com"]
[Source "ChessBase"]
[SourceQuality "1"]
[TimeControl "5400+30"]

1. e4 e6 2. d4 d5 3. exd5 exd5 4. Nf3 Bd6 5. c4 dxc4 6. Bxc4 Nf6 7. O-O O-O 8. Bg5 c6 9. Ne5 Bxe5 10. dxe5 Qxd1 11. Rxd1 Ne4 12. Be7 Re8 13. f3 Nd7 14. e6 Rxe7 15. exd7 Bxd7 16. fxe4 Bg4 17. Re1 Rd8 18. h3 Bh5 19. Nc3 Rd4 20. Bb3 g5 21. g4 Bg6 22. Rad1 1-0

[Event "EWIRCC 2019"]
[Site "Monte-Carlo"]
[Date "2019.11.30"]
[Round "4.11"]
[White "Gaprindashvili, Nona"]
[Black "Stefanova, Antoaneta"]
[Result "0-1"]
[ECO "D94"]
[WhiteElo "2275"]
[BlackElo "2481"]
[Annotator "ChessBase"]
[PlyCount "80"]
[EventDate "2019.11.28"]
[EventType "swiss"]
[EventCountry "MNC"]
[SourceTitle "playchess.com"]
[Source "ChessBase"]
[SourceQuality "1"]
[TimeControl "5400+30"]

1. d4 d5 2. c4 c6 3. Nf3 Nf6 4. e3 g6 5. Nc3 Bg7 6. a3 O-O 7. Be2 b6 8. b4 c5 9. O-O dxc4 10. bxc5 bxc5 11. Bxc4 cxd4 12. exd4 Qc7 13. Qb3 Nc6 14. Nb5 Qb6 15. Bd2 a6 16. Nc3 Qa7 17. Ne2 Bg4 18. Ne5 Bxe2 19. Nxc6 Bxc4 20. Qxc4 Qd7 21. Bb4 Rfe8 22. Ne5 Qd5 23. Rac1 a5 24. Bc5 e6 25. Rb1 Ne4 26. Qxd5 exd5 27. Nf3 g5 28. h3 h5 29. g4 hxg4 30. hxg4 f5 31. Rb7 fxg4 32. Ne5 Nxc5 33. dxc5 Bxe5 34. Kg2 Rac8 35. Rb5 d4 36. Rxa5 d3 37. Rd1 Red8 38. c6 Bf4 39. Ra6 d2 40. Kf1 Rd6 0-1

[Event "EWIRCC 2019"]
[Site "Monte-Carlo"]
[Date "2019.11.30"]
[Round "4.12"]
[White "Sebag, Marie"]
[Black "Zakurdjaeva, Irina"]
[Result "1-0"]
[ECO "B52"]
[WhiteElo "2443"]
[BlackElo "2235"]
[Annotator "NA"]
[PlyCount "121"]
[EventDate "2019.11.28"]
[EventType "swiss"]
[EventCountry "MNC"]
[SourceTitle "playchess.com"]
[Source "ChessBase"]
[SourceQuality "1"]
[TimeControl "5400+30"]

1. e4 c5 2. Nf3 d6 3. Bb5+ Bd7 4. Bxd7+ Qxd7 5. c4 Nc6 6. Nc3 g6 7. d4 cxd4 8. Nxd4 Bg7 9. Be3 Rc8 10. b3 Nf6 11. f3 O-O 12. O-O a6 13. Qd3 Ne5 14. Qe2 b5 15. Nd5 Nxd5 16. cxd5 Rc3 17. Rad1 Rfc8 18. h3 Qb7 19. f4 Nd7 20. Nc6 Nb8 21. Nd4 b4 22. Kh1 Nd7 23. Bg1 a5 24. Nc6 R8xc6 25. dxc6 Qxc6 26. Bd4 Rc2 27. Rd2 Rxd2 28. Qxd2 Nf6 29. Bxf6 Bxf6 30. Qd3 Kg7 31. Rd1 a4 32. bxa4 Qxa4 33. Qb3 Qxb3 34. axb3 Bc3 35. g3 Kf6 36. Kg2 Ke6 37. Kf3 h5 38. Rd5 Kd7 39. Ra5 Ke6 40. Ra7 Be1 41. g4 hxg4+ 42. hxg4 Bd2 43. g5 Bc1 44. Rb7 Bd2 45. Kg4 f5+ 46. exf5+ gxf5+ 47. Kh5 Bxf4 48. Rxb4 Be5 49. g6 f4 50. Re4 f3 51. Re3 f2 52. Rf3 Bd4 53. Kh6 Kd5 54. g7 Bxg7+ 55. Kxg7 e5 56. Rxf2 e4 57. Kf6 e3 58. Re2 Kd4 59. Ke6 Kd3 60. Re1 Kd2 61. Rh1 1-0

[Event "EWIRCC 2019"]
[Site "Monte-Carlo"]
[Date "2019.11.30"]
[Round "4.13"]
[White "Cramling, Pia"]
[Black "Paasikangas-Tella, Johanna"]
[Result "1-0"]
[ECO "E90"]
[WhiteElo "2443"]
[BlackElo "2177"]
[Annotator "NA"]
[PlyCount "65"]
[EventDate "2019.11.28"]
[EventType "swiss"]
[EventCountry "MNC"]
[SourceTitle "playchess.com"]
[Source "ChessBase"]
[SourceQuality "1"]
[TimeControl "5400+30"]

1. Nf3 g6 2. c4 Bg7 3. d4 Nf6 4. Nc3 O-O 5. e4 d6 6. h3 c6 7. Be3 Qc7 8. Be2 e5 9. d5 Nbd7 10. Nd2 Ne8 11. g4 a5 12. h4 Nc5 13. h5 Qe7 14. Nf1 Bd7 15. Ng3 Rb8 16. Qd2 f6 17. hxg6 hxg6 18. O-O-O a4 19. Rh2 Kf7 20. Rdh1 Rg8 21. Rh7 a3 22. b3 Na6 23. R1h6 Nac7 24. g5 f5 25. exf5 gxf5 26. g6+ Kf8 27. Bg5 Nf6 28. Nh5 Nce8 29. Rxg7 Rxg7 30. Rh8+ Rg8 31. Bxf6 Nxf6 32. Qh6+ Ke8 33. Nxf6+ {[%emt 0:04:46] Ra8} 1-0

[Event "EWIRCC 2019"]
[Site "Monte-Carlo"]
[Date "2019.11.30"]
[Round "4.14"]
[White "Zaksaite, Salomeja"]
[Black "Bodnaruk, Anastasia"]
[Result "0-1"]
[ECO "B86"]
[WhiteElo "2202"]
[BlackElo "2412"]
[Annotator "NA"]
[PlyCount "90"]
[EventDate "2019.11.28"]
[EventType "swiss"]
[EventCountry "MNC"]
[SourceTitle "playchess.com"]
[Source "ChessBase"]
[SourceQuality "1"]
[TimeControl "5400+30"]

1. e4 c5 2. Nf3 d6 3. d4 cxd4 4. Nxd4 Nf6 5. Nc3 a6 6. Bc4 e6 7. Bb3 Be7 8. g4 h6 9. Be3 Nc6 10. Rg1 g5 11. Qe2 Bd7 12. Nxc6 Bxc6 13. O-O-O Nd7 14. Bd4 Rg8 15. Kb1 Qa5 16. Nd5 Bxd5 17. exd5 e5 18. Bc3 Qc7 19. Qd2 O-O-O 20. Rge1 Nc5 21. Ba5 b6 22. Bb4 Kb7 23. Re3 Bf6 24. Rf3 Rg6 25. Bxc5 Qxc5 26. Rc3 Qa5 27. Qe2 e4 28. Rc6 Be5 29. Qc4 Qb5 30. Qxe4 Rf6 31. a4 Qa5 32. f3 Rf4 33. Qe2 b5 34. Qe1 Qxe1 35. Rxe1 Rxf3 36. axb5 axb5 37. c3 f5 38. gxf5 Rxf5 39. Bc2 Rf2 40. h3 Rdf8 41. Bd3 Rd2 42. Bxb5 Rff2 43. Rxe5 dxe5 44. Ba6+ Ka7 45. b4 Rd1# 0-1

[Event "EWIRCC 2019"]
[Site "Monte-Carlo"]
[Date "2019.11.30"]
[Round "4.15"]
[White "Paehtz, Elisabeth"]
[Black "Berzina, Ilze"]
[Result "1-0"]
[ECO "D00"]
[WhiteElo "2484"]
[BlackElo "2211"]
[Annotator "ChessBase"]
[PlyCount "101"]
[EventDate "2019.11.28"]
[EventType "swiss"]
[EventCountry "MNC"]
[SourceTitle "playchess.com"]
[Source "ChessBase"]
[SourceQuality "1"]
[TimeControl "5400+30"]

1. d4 d5 2. Bf4 c5 3. e3 Nc6 4. c3 Nf6 5. Nd2 Bf5 6. Qb3 Qb6 7. dxc5 Qxb3 8. axb3 e5 9. Bg3 Bxc5 10. Ngf3 Nd7 11. Bb5 f6 12. b4 Bb6 13. Ba4 O-O-O 14. Bb3 d4 15. Nc4 Bd3 16. Nd6+ Kb8 17. exd4 Rhf8 18. Rd1 Bg6 19. O-O Bh5 20. Rde1 Bxf3 21. gxf3 a6 22. Nc4 Bc7 23. d5 Na7 24. d6 Bb6 25. f4 Nc6 26. Ba4 exf4 27. Bxf4 Ba7 28. Bxc6 bxc6 29. Re7 g5 30. Bg3 f5 31. Ne5 Nxe5 32. Bxe5 Ka8 33. Ra1 Rfe8 34. Rxa6 Rxe7 35. dxe7 Re8 36. Bf6 Kb7 37. Ra5 Bb8 38. Rxf5 h6 39. h4 Bd6 40. hxg5 hxg5 41. Bxg5 Kc7 42. Kf1 Kd7 43. Rf8 Rxf8 44. exf8=Q Bxf8 45. Ke2 Ke6 46. Kd3 Kf5 47. Be3 Bd6 48. Kc4 Ke4 49. b5 cxb5+ 50. Kxb5 Kd3 51. c4 1-0

[Event "EWIRCC 2019"]
[Site "Monte-Carlo"]
[Date "2019.11.30"]
[Round "4.16"]
[White "Muetsch, Annmarie"]
[Black "Socko, Monika"]
[Result "0-1"]
[ECO "B11"]
[WhiteElo "2240"]
[BlackElo "2417"]
[Annotator "NA"]
[PlyCount "98"]
[EventDate "2019.11.28"]
[EventType "swiss"]
[EventCountry "MNC"]
[SourceTitle "playchess.com"]
[Source "ChessBase"]
[SourceQuality "1"]
[TimeControl "5400+30"]

1. e4 c6 2. Nc3 d5 3. Nf3 Bg4 4. h3 Bxf3 5. Qxf3 e6 6. d3 Nf6 7. Bd2 g6 8. Be2 Bg7 9. Qg3 d4 10. Nd1 c5 11. h4 h5 12. f4 Qc7 13. Nf2 Nc6 14. a3 Bh6 15. Qf3 e5 16. f5 Bxd2+ 17. Kxd2 Qd6 18. g4 O-O-O 19. g5 Nd7 20. b3 Kb8 21. Nd1 Rdf8 22. f6 Re8 23. Nb2 Qc7 24. Rhb1 Nb6 25. Ke1 Nd8 26. Nc4 Nxc4 27. dxc4 Ne6 28. Bd3 Nf4 29. b4 Re6 30. bxc5 Rc6 31. Rb5 Rxc5 32. Rab1 Rxb5 33. Rxb5 a6 34. Rb3 Ka7 35. Kf2 Rc8 36. Qd1 Qd7 37. Qf3 Rc5 38. Rb4 Ra5 39. Rb3 Qd6 40. Qd1 Rxa3 41. Qb1 Rxb3 42. Qxb3 Ne6 43. Qa4 Qc6 44. Qb4 Nc5 45. Kf3 Qb6 46. Qa3 a5 47. Bf1 Qb4 48. Qxb4 axb4 49. Bg2 d3 0-1

[Event "EWIRCC 2019"]
[Site "Monte-Carlo"]
[Date "2019.11.30"]
[Round "4.17"]
[White "Arakhamia-Grant, Ketevan"]
[Black "Semenova, Elena"]
[Result "1/2-1/2"]
[ECO "C88"]
[WhiteElo "2376"]
[BlackElo "2282"]
[Annotator "NA"]
[PlyCount "101"]
[EventDate "2019.11.28"]
[EventType "swiss"]
[EventCountry "MNC"]
[SourceTitle "playchess.com"]
[Source "ChessBase"]
[SourceQuality "1"]
[TimeControl "5400+30"]

1. e4 e5 2. Nf3 Nc6 3. Bb5 a6 4. Ba4 Nf6 5. O-O Be7 6. Re1 b5 7. Bb3 O-O 8. a4 b4 9. d3 d6 10. h3 Na5 11. Ba2 b3 12. cxb3 c5 13. b4 cxb4 14. Nbd2 Bb7 15. d4 Qc7 16. d5 Nd7 17. Nf1 Nc5 18. Ng3 Bc8 19. Be3 b3 20. Bxc5 Qxc5 21. Bxb3 Rb8 22. Rc1 Qb4 23. Bc2 Bd7 24. Nf5 Bf6 25. Qd3 Rb6 26. g4 g6 27. Ne3 Rfb8 28. Rb1 Nb3 29. Bxb3 Qxb3 30. Qxb3 Rxb3 31. Nd2 Rxb2 32. Rxb2 Rxb2 33. Ndc4 Rb4 34. a5 Be7 35. Rc1 Bb5 36. Kg2 Ra4 37. Kf3 Kf8 38. Kg3 Ra2 39. h4 Ra4 40. g5 Kg7 41. f3 f6 42. gxf6+ Kxf6 43. Ng4+ Kf7 44. Nb6 Rxa5 45. Rc7 Ke8 46. Rc8+ Kf7 47. Rc7 Ke8 48. Rc8+ Kf7 49. Rc7 Ke8 50. Rc8+ Kf7 51. Rc7 1/2-1/2

[Event "EWIRCC 2019"]
[Site "Monte-Carlo"]
[Date "2019.11.30"]
[Round "4.18"]
[White "Zvereva, Marija"]
[Black "Osmak, Iulija"]
[Result "0-1"]
[ECO "C00"]
[WhiteElo "2154"]
[BlackElo "2401"]
[Annotator "NA"]
[PlyCount "62"]
[EventDate "2019.11.28"]
[EventType "swiss"]
[EventCountry "MNC"]
[SourceTitle "playchess.com"]
[Source "ChessBase"]
[SourceQuality "1"]
[TimeControl "5400+30"]

1. e4 e6 2. d3 d5 3. Nd2 Nf6 4. Ngf3 Bc5 5. g3 dxe4 6. Ne5 Qd4 7. Ng4 Nxg4 8. Qxg4 e3 9. Ne4 exf2+ 10. Ke2 f5 11. c3 Qxe4+ 12. Qxe4 fxe4 13. d4 Bd6 14. Kxf2 Nd7 15. Bc4 Nf6 16. Re1 Bd7 17. Bg5 Rf8 18. Kg1 O-O-O 19. a4 e5 20. d5 Bg4 21. b4 Bf3 22. a5 Be7 23. Be3 Kb8 24. b5 Nxd5 25. Bxd5 Rxd5 26. b6 cxb6 27. axb6 axb6 28. c4 Rd3 29. Bxb6 Rd2 30. Ba7+ Kc7 31. Bf2 Rxf2 0-1